 Dungeon Sprint DCSS version 0.28-a0-863-g8cecda6153 (webtiles) character file.

Game seed: 279859947921474243

95 emperorscorpion the Magician (level 4, 0/31 HPs)
             Began as a Djinni Air Elementalist on Nov 16, 2021.
             Was an Initiate of Makhleb.
             Slain by an orc warrior (8 damage)
             ... in the Dungeon (Sprint IX: "|||||||||||||||||||||||||||||").
             The game lasted 00:02:06 (405 turns).

emperorscorpion the Magician (DjAE)                  Turns: 405, Time: 00:02:07

Health: 0/31       AC:  0    Str:  7    XL:     4   Next: 97%
Gold:   0          EV: 15    Int: 21    God:    Makhleb [......] SH:  0 Dex: 13

rFire   + + .      SeeInvis .   a - +2 rapier (venom)
rCold   x . .      Faith    .   (no shield)
rNeg    . . .      Spirit   .   (no armour)
rPois   ∞          Reflect  .   (no helmet)
rElec   .          Harm     .   (no cloak)
rCorr   .          Rampage  .   (no gloves)
Will    .....      NoTele   +   (boots unavailable)
Stlth   ++........              (no amulet)
HPRegen 0.10/turn               n - +2 ring of evasion
MPRegen 0.00/turn               o - +3 ring of intelligence

@: swift, flying, quick
A: sickness immunity, fire resistance 2, cold vulnerability 1, float, innate
caster, hp casting, extra vitality 1
a: Renounce Religion


You were in the Dungeon.
You worshipped Makhleb.
Makhleb was noncommittal.
You visited 1 branch

Inventory:

Hand Weapons
 a - a +2 rapier of venom (weapon)
 j - a +2 scimitar of flaming
Armour
 i - a +0 robe
 k - a +0 pair of gloves
 l - a +0 helmet
 m - a +1 chain mail
Jewellery
 n - a +2 ring of evasion (left hand)
 o - a +3 ring of intelligence (right hand)
Wands
 h - a wand of iceblast (9)
Scrolls
 f - 2 scrolls of blinking
Potions
 b - 5 potions of curing
 c - 3 potions of heal wounds
 d - a potion of haste
 e - a potion of berserk rage
 g - a potion of invisibility


   Skills:
 + Level 0.2 Fighting
 * Level 1.7 Armour
 + Level 3.8 Dodging
 + Level 3.1 Stealth
 + Level 6.1 Spellcasting


You had 4 spell levels left.
You knew the following spells:

 Your Spells              Type           Power      Damage    Failure   Level
a - Shock                 Conj/Air       100%       1d9       1%          1
b - Static Discharge      Conj/Air       32%        N/A       1%          2
c - Swiftness             Air            32%        N/A       2%          3
d - Airstrike             Air            16%        N/A       8%          4
e - Pain                  Necr           100%       1d9       1%          1
Your spell library was empty.

Dungeon Overview and Level Annotations

Branches:
Dungeon (1/1)

Altars:
Cheibriados
Dithmenos
Elyvilon
Fedhas
Gozag
Hepliaklqana
Kikubaaqudgha
Makhleb
Nemelex Xobeh
Okawaru
Qazlal
Ru
Sif Muna
Trog
Uskayaw
Vehumet
Wu Jian
Xom
Yredelemnul
Zin
The Shining One
Beogh
Jiyva
Lugonu


Innate Abilities, Weirdness & Mutations

You are immune to sickness and miasma.
You are immune to poison.
Your flesh is very heat resistant. (rF++)
You are vulnerable to cold. (rC-)
You float through the air rather than walking.
You learn spells naturally, not from books.
Your magical power is your life essence.
You have superior vitality. (+4 HP)


Message History

Casting: Shock (safe; 1% risk of failure)
Confirm with . or Enter, or press ? or * to list all spells.
Aiming: Shock (safe; 1% risk of failure)
Press: ? - help, Shift-Dir - straight line, f/p - orc warrior
Aim: an orc warrior, wielding a +0 long sword of holy wrath and wearing a +0 chain mail (heavily wounded, 71% to hit)
The zap hits the orc warrior.
The orc warrior is heavily wounded.
The zap hits the orc warrior!
The orc warrior is severely wounded.
The zap hits the yak but does no damage.
The yak is moderately wounded.
The zap hits the wyvern but does no damage.
The zap hits the adder zombie.
The adder zombie is almost destroyed.
The orc warrior misses you.
Unknown command.
Casting: Shock (safe; 1% risk of failure)
Confirm with . or Enter, or press ? or * to list all spells.
Aiming: Shock (safe; 1% risk of failure)
Press: ? - help, Shift-Dir - straight line, f/p - orc warrior
Aim: an orc warrior, wielding a +0 long sword of holy wrath and wearing a +0 chain mail (heavily wounded, 71% to hit)
The zap misses the orc warrior.
The zap hits the orc warrior.
The orc warrior is severely wounded.
The zap hits the yak.
The yak is moderately wounded.
The zap hits the wyvern.
The wyvern is lightly wounded.
The zap hits the adder zombie.
You destroy the adder zombie!
Makhleb accepts your kill.
The orc warrior hits you with a +0 long sword of holy wrath!
Ouch! That really hurt!
Your Stealth skill increases to level 3!
Unknown command.
Casting: Shock (safe; 1% risk of failure)
Confirm with . or Enter, or press ? or * to list all spells.
You feel quick.
* * * LOW HITPOINT WARNING * * *
The orc warrior hits you with a +0 long sword of holy wrath!
You die... ▓▓▓▓▓▓▓▓▓▓▓▓▓▓▓▓▓▓▓▓▓▓▓▓ ...lYoo@.....)?!'_______ ▓▓▓▓▓▓▓▓▓▓▓▓▓▓▓▓▓▓▓▓▓▓▓▓

You could see a yak, 2 orc warriors and a wyvern.

Vanquished Creatures
  A howler monkey (D)
  A hound (D)
  An adder (D)
  2 adder zombies (D)
  2 orcs (D)
  A bat (D)
  2 giant cockroaches (D)
  A hobgoblin (D)
  A quokka (D)
12 creatures vanquished.

Notes
Turn   | Place    | Note
-------+----------+-------------------------------------------
     0 | D        | emperorscorpion the Djinni Air Elementalist began the quest
                  | for the Orb.
     0 | D        | Reached XP level 1. HP: 15/15 MP: 0/0
     5 | D        | Reached skill level 3 in Spellcasting
     9 | D        | Reached XP level 2. HP: 14/21 MP: 0/0
   104 | D        | Reached skill level 4 in Spellcasting
   104 | D        | Reached XP level 3. HP: 14/25 MP: 0/0
   104 | D        | Learned a level 1 spell: Pain
   106 | D        | Reached skill level 5 in Spellcasting
   106 | D        | Reached XP level 4. HP: 5/31 MP: 0/0
   116 | D        | Found a snail-covered altar of Cheibriados.
   116 | D        | Found a shadowy altar of Dithmenos.
   116 | D        | Found a white marble altar of Elyvilon.
   116 | D        | Found a blossoming altar of Fedhas.
   116 | D        | Found an opulent altar of Gozag.
   117 | D        | Found a hazy altar of Hepliaklqana.
   118 | D        | Found a viscous altar of Jiyva.
   120 | D        | Found a corrupted altar of Lugonu.
   121 | D        | Found a burning altar of Makhleb.
   122 | D        | Found a sparkling altar of Nemelex Xobeh.
   123 | D        | Found an iron altar of Okawaru.
   124 | D        | Found a stormy altar of Qazlal.
   125 | D        | Found a sacrificial altar of Ru.
   127 | D        | Found a bloodstained altar of Trog.
   128 | D        | Found a hide-covered altar of Uskayaw.
   129 | D        | Became a worshipper of Makhleb the Destroyer
   131 | D        | Found an ornate altar of the Wu Jian Council.
   132 | D        | Found a shimmering altar of Xom.
   133 | D        | Found a basalt altar of Yredelemnul.
   134 | D        | Found a glowing silver altar of Zin.
   135 | D        | Found a glowing golden altar of the Shining One.
   399 | D        | Noticed a wyvern
   399 | D        | Noticed a yak
   399 | D        | Noticed an orc warrior
   399 | D        | Noticed an orc warrior
   402 | D        | Reached skill level 1 in Armour
   402 | D        | Reached skill level 6 in Spellcasting
   405 | D        | Slain by an orc warrior

Illustrated notes

Levels and vault maps discovered:
D:        linesprint [early_d, line_temple, items_1, d_10, items_2, lair_1,
          lair_end, items_3, orc_1, orc_end, items_4, d_15, swamp_1, shoals_1,
          snake_1, spider_1, d_20, vaults_1, items_5, swamp_end, shoals_end,
          snake_end, spider_end, vaults_end, d_27, items_6, zot_1, zot_end,
          crypt_end, forest_end, elf_end, slime_end, tomb_end, abyss_end,
          pan_hell_end]

Skill      XL: |  1  2  3  4 |
---------------+-------------+-----
Spellcasting   | 3 4 5 6 |  6.1
Stealth        | 2 3 |  3.1
Dodging        | 3 |  3.8
Armour         | 1 |  1.7
Fighting       | |  0.2

Action                   |  1- 3 |  4- 6 || total
-------------------------+-------+-------++-------
 Cast: Shock             |     8 |     8 ||    16
       Static Discharge  |     2 |       ||     2
       Swiftness         |       |     1 ||     1
Evoke: Wand              |       |     1 ||     1
Dodge: Dodged            |     3 |     3 ||     6

Table legend: (Time is in decaauts)
 A = Elapsed time spent in this place.
 B = Non-inter-level travel time spent in this place.
 C = Inter-level travel time spent in this place.
 D = Time resting spent in this place.
 E = Time spent auto-exploring this place.
 F = Levels seen in this place.
 G = Mean time per level.
                   A        B        C        D        E       F      G
               +--------+--------+--------+--------+--------+-----+--------+
         Total |    403 |    403 |      0 |    303 |      0 |   1 |  403.0 |
       Dungeon |    403 |    403 |      0 |    303 |      0 |   1 |  403.0 |
               +--------+--------+--------+--------+--------+-----+--------+

Top non-repeatable levels by time:
       D: 403 daAuts
